 Dungeon Crawl Stone Soup version bcrawl-1.13 (webtiles) character file.

Game seed: 3171696768134085046

62 Camlann the Sneak (level 3, -4/29 HPs)
             Began as a Demonspawn Archaeologist on July 27, 2019.
             Slain by a worm (11 damage)
             ... on level 2 of the Dungeon.
             The game lasted 00:02:23 (1529 turns).

Camlann the Sneak (Demonspawn Archaeologist)        Turns: 1529, Time: 00:02:24

Health: -4/29      AC:  6    Str: 12      XL:     3   Next: 85%
Magic:  3/3        EV: 20    Int: 13 (15) God:
Gold:   55         SH:  0    Dex: 13 (16) Spells: 2/2 levels left

rFire    . . .     SeeInvis .   n - +3 dagger
rCold    . . .     Gourm    .   (no shield)
rNeg     . . .     Faith    .   b - +1 robe
rPois    .         Spirit   .   c - +1 hat
rElec    .         Reflect  .   (no cloak)
rCorr    .         Harm     .   (no gloves)
MR       .....                  d - +1 pair of boots
Stlth    +++.......             (no amulet)
HPRegen  0.09/turn              (no ring)
MPRegen  0.08/turn              (no ring)

@: agile, studying Polearms
A: repulsion field 1
a: no special abilities


You were on level 2 of the Dungeon.
You were not hungry.

You visited 1 branch of the dungeon, and saw 2 of its levels.

You collected 55 gold pieces.

Inventory:

Hand Weapons
 n - a +3 dagger (weapon)
Missiles
 i - 304 arrows
Armour
 b - a +1 robe (worn)
 c - a +1 hat (worn)
 d - a +1 pair of boots (worn)
Scrolls
 a - 2 scrolls of remove curse {unknown}
 j - 3 scrolls of identify {unknown}
 l - a scroll of teleportation {unknown}
 m - 2 scrolls of fog
 o - a scroll of blinking {unknown}
Potions
 h - a potion of agility
 p - a potion of cancellation {unknown}
 q - a potion of brilliance {unknown}
Books
 e - a manual of Polearms
Miscellaneous
 f - an ancient crate
Comestibles
 g - 3 rations {!d}
 k - 2 chunks of flesh


   Skills:
 - Level 3.0 Fighting
   Level 0.8 Maces & Flails
 + Level 2.7 Polearms
 - Level 2.6 Dodging
 - Level 3.0 Stealth


You had 2 spell levels left.
You didn't know any spells.
Your spell library was empty.

Dungeon Overview and Level Annotations

Branches:
Dungeon (2/12)

Altars:


Innate Abilities, Weirdness & Mutations

You are surrounded by a mild repulsion field. (EV +2)


Message History

You hit the jackal but do no damage. The jackal bites you.
You closely miss the jackal. The jackal closely misses you.
The jackal bites you but does no damage.
You hit the jackal. The jackal bites you.
You barely miss the jackal.
The jackal bites you but does no damage.
The jackal closely misses you.
You hit the jackal.
You kill the jackal!
You hit the goblin.
You kill the goblin!
You hit the worm. You hit the worm. The worm bites you!
* * * LOW HITPOINT WARNING * * *
You hit the worm. You hit the worm. The worm closely misses you.
It was a potion of agility.
You feel agile all of a sudden. The worm bites you!
You die...

.................
............<.... #
........s........
#.#####.................
#...... ##............#
#...... ####.#.#......
#...... ####%#........
#......####..s>...###..#
#......@w...........#..#
#)....?###..........#..#
#...... #.........†#†..
#...... ###..##.##....#
#...... #.###.##.####
###..## #..# #.#..# ##.
#..## #...## ## #.#
###.# #. ##.###


You could see a worm and a giant cockroach (blind).

Vanquished Creatures
  An adder (D:2)
  A dart slug (D:2)
  3 leopard geckos (D:1)
  5 bats (D:1)
  3 giant cockroaches (D:1)
  4 goblins
  6 hobgoblins
  8 jackals
  4 kobolds
  4 frilled lizards
  5 rats
44 creatures vanquished.

Notes
Turn   | Place    | Note
-------+----------+-------------------------------------------
     0 | D:1      | Camlann the Demonspawn Archaeologist began the quest for
                  | the Orb.
     0 | D:1      | Reached XP level 1. HP: 15/15 MP: 1/1
   502 | D:1      | Gained mutation: You are surrounded by a mild repulsion
                  | field. (EV +2) [demonic ancestry]
   502 | D:1      | Reached XP level 2. HP: 22/22 MP: 2/2
  1134 | D:1      | Reached XP level 3. HP: 28/29 MP: 3/3
  1371 | D:2      | Reached skill level 1 in Polearms
  1529 | D:2      | Slain by a worm

Skill      XL: |  1  2  3 |
---------------+----------+-----
Fighting       | 2 3 |  3.0
Polearms       | 2 |  2.7
Maces & Flails | |  0.8
Dodging        | |  2.6
Stealth        | |  3.0

Action                   || total
-------------------------++-------
Melee: Whip              ||    36
       Dagger            ||   132
  Use: Scroll            ||     1
       Potion            ||     2
 Stab: Sleeping          ||     6
  Eat: Chunk             ||     2
Armor: Robe              ||    71
Dodge: Dodged            ||   162
